 Dungeon Crawl Stone Soup version 0.24.0-13-gcf9b3192b9 (webtiles) character file.

Game seed: 389297240309200334, levelgen mode: deterministic

730 Fv001 the Sneak (level 7, -1/76 HPs)
             Began as a Merfolk Enchanter on Nov 4, 2019.
             Was an Initiate of Ashenzari.
             Succumbed to an orc wizard's poison
             ... on level 5 of the Dungeon on Nov 5, 2019.
             The game lasted 00:15:25 (4335 turns).

Fv001 the Sneak (Merfolk Enchanter)                 Turns: 4335, Time: 00:15:26

Health: -1/76      AC: 23    Str: 11    XL:     7   Next: 73%
Magic:  1/20       EV:  2    Int: 14    God:    Ashenzari [......]
Gold:   188        SH:  0    Dex: 14    Spells: 3/12 levels left

rFire    . . .     SeeInvis +   b - +0 rapier
rCold    . . .     Gourm    .   (no shield)
rNeg     + + +     Faith    .   (armour currently unavailable)
rPois    +         Spirit   .   (helmet currently unavailable)
rElec    .         Reflect  .   (cloak currently unavailable)
rCorr    .         Harm     .   (gloves currently unavailable)
MR       .....     NoTele   +   (boots currently unavailable)
Stlth    +++.......             (no amulet)
HPRegen  0.22/turn              o - ring of see invisible
MPRegen  0.17/turn              w - ring of magical power

@: lethally poisoned (-1 -> -18), tree-form (expiring), very slightly
contaminated
A: (change form in water), (swift swim), (stealthy swim)
a: Curse Item, Renounce Religion


You were on level 5 of the Dungeon.
You worshipped Ashenzari.
Ashenzari was noncommittal.
You were very hungry.
You were a tree.
You visited 2 branches of the dungeon, and saw 6 of its levels.

You collected 188 gold pieces.

Inventory:

Hand Weapons
 a - a +1 dagger
 b - a +0 rapier (weapon)
 c - a +0 long sword
Armour
 e - a cursed +0 robe (melded)
 f - a cursed scarf of spirit shield (melded)
 i - a +0 large shield
Jewellery
 o - a ring of see invisible (left branch)
 w - a ring of magical power (right branch)
Wands
 t - a wand of clouds (5)
Scrolls
 m - 7 scrolls of teleportation
 n - a scroll of enchant armour {unknown}
 u - a scroll of amnesia {unknown}
 v - 2 scrolls of fear
 x - a scroll of remove curse
Potions
 g - a potion of haste
 k - a potion of resistance
 l - a potion of degeneration {unknown}
 p - a potion of flight {unknown}
 r - a potion of agility {unknown}
Comestibles
 d - 9 rations
 q - 6 chunks of flesh


   Skills:
 + Level 2.3 Fighting
 * Level 4.1 Short Blades
 + Level 4.2 Dodging
 * Level 5.3 Stealth
 + Level 1.9 Shields
 + Level 3.0 Spellcasting
 * Level 4.5 Hexes
 + Level 2.2 Ice Magic
 + Level 0.7 Evocations


You had 3 spell levels left.
You knew the following spells:

 Your Spells              Type           Power        Failure   Level  Hunger
a - Corona                Hex            ##.....      3%          1    #......
b - Ensorcelled Hibernat  Hex/Ice        ##....       8%          2    ##.....
c - Confuse               Hex            ##......     10%         3    ###....
d - Tukima's Dance        Hex            ##......     10%         3    ###....

Your spell library contained the following spells:

 Spells                   Type           Power        Failure   Level  Hunger
 Dazzling Spray           Conj/Hex       #.....       26%         3    ###....


Dungeon Overview and Level Annotations

Branches:
Dungeon (5/15)             Temple (1/1) D:4

Altars:
Ashenzari
Cheibriados
Dithmenos
Elyvilon
Fedhas
Gozag
Hepliaklqana
Makhleb
Nemelex Xobeh
Qazlal
Ru
Vehumet
Xom
Yredelemnul
Zin

Annotations:
D:4 exclusions: air elemental, earth elemental, fire elemental, 2 slaves and water elemental
D:5 Ijyb


Message History

Aim: a sky beast (slightly transparent, chance to defeat MR: 50%)
The sky beast struggles to resist.
* * * LOW HITPOINT WARNING * * *
You feel sick.
The sky beast hits you but does no damage.
You closely miss the sky beast.
* * * LOW HITPOINT WARNING * * *
You feel sick.
The sky beast hits you but does no damage.
You barely miss the sky beast.
You are feeling very hungry.
* * * LOW HITPOINT WARNING * * *
You feel sick.
The sky beast hits you but does no damage.
You barely miss the sky beast.
Your transformation is almost over.
* * * LOW HITPOINT WARNING * * *
You feel sick.
You hit the sky beast but do no damage.
You die...

...##.......#.##...###......###.Y
...##.......#....##......<.......
...##.......#.)#....##).....###.#
.....................#......#
....#.>.....................#
....##.##.###.##.#....##..#.#
....##....# #........[.#(.#.#
.......#### ####)#.§...#...## #.
###..<.### #♣#.##....#.# #.#
#.......# #.Y..†..###.## ...
#.).....# ######### #..# #..
#.......# ##.###.. #.......#
#..##.. #.......# ##.##..
#.......# #..#.. #.......# ##.#.#
##.......# #...#


You could see a sky beast.

Vanquished Creatures
  Menkaure (D:4)
  A necrophage (D:5)
  2 ogres
  A crimson imp (D:5)
  An orc wizard (D:5)
  2 hounds (D:3)
  2 worker ants
  3 adders
  2 worms
  A dart slug (D:1)
  3 leopard geckos
  2 orcs (D:5)
  A ball python (D:3)
  4 giant cockroaches
  4 goblins
  3 hobgoblins (D:1)
  4 jackals (D:1)
  4 kobolds
  5 bats
  4 frilled lizards
  7 rats
57 creatures vanquished.

Vanquished Creatures (collateral kills)
  Sigmund (D:4)
1 creature vanquished.

Grand Total: 58 creatures vanquished

Notes
Turn   | Place    | Note
-------+----------+-------------------------------------------
     0 | D:1      | Fv001 the Merfolk Enchanter began the quest for the Orb.
     0 | D:1      | Reached XP level 1. HP: 13/13 MP: 3/3
   184 | D:1      | Reached XP level 2. HP: 19/19 MP: 5/5
   206 | D:1      | Learned a level 2 spell: Ensorcelled Hibernation
   988 | D:1      | Reached XP level 3. HP: 24/25 MP: 1/6
  1027 | D:1      | Learned a level 3 spell: Confuse
  1790 | D:2      | Found a sparkling altar of Nemelex Xobeh.
  2571 | D:3      | Reached skill level 1 in Fighting
  2571 | D:3      | Reached XP level 4. HP: 30/32 MP: 0/7
  2643 | D:3      | Found a shimmering altar of Xom.
  2648 | D:3      | Reached skill level 1 in Ice Magic
  2941 | D:3      | Reached skill level 4 in Stealth
  2941 | D:3      | Reached XP level 5. HP: 34/37 MP: 5/8
  3283 | D:4      | Found a staircase to the Ecumenical Temple.
  3352 | D:4      | Found an opulent altar of Gozag.
  3352 | D:4      | Noticed Menkaure
  3371 | D:4      | Killed Menkaure
  3371 | D:4      | Reached skill level 1 in Shields
  3371 | D:4      | Reached XP level 6. HP: 39/44 MP: 1/9
  3407 | D:4      | Found a sparkling altar of Nemelex Xobeh.
  3407 | D:4      | You fall into a shaft and drop 1 floor!
  3407 | D:5      | Entered Level 5 of the Dungeon
  3409 | D:5      | Noticed a sky beast
  3451 | Temple   | Entered the Ecumenical Temple
  3477 | Temple   | Became a worshipper of Ashenzari the Shackled
  3480 | Temple   | Upgraded the game from 0.24.0-10-g970556be89 to
                  | 0.24.0-13-gcf9b3192b9
  3688 | D:4      | Learned a level 3 spell: Tukima's Dance
  3746 | D:4      | Noticed Sigmund
  3764 | D:4      | Killed Sigmund
  3773 | D:4      | Reached XP level 7. HP: 22/50 MP: 1/11
  3891 | D:4      | Found a stormy altar of Qazlal.
  3894 | D:4      | Noticed a fire elemental
  3894 | D:4      | Noticed a water elemental
  3894 | D:4      | Noticed an air elemental
  4113 | D:5      | Reached skill level 5 in Stealth
  4264 | D:5      | Noticed Ijyb
  4333 | D:5      | HP: 3/76 [poisoned by an orc wizard]
  4334 | D:5      | HP: 1/76 [poisoned by an orc wizard]
  4335 | D:5      | Succumbed to an orc wizard's poison

Levels and vault maps discovered:
D:1:      psy_arrival_radial01, layout_basic
D:2:      layout_basic, kennysheep_nub, nemelex_lonely_heart_becter
D:3:      layout_basic, nicolae_overflow_crystal_walls
D:4:      layout_loops_ring, grunt_temple_overflow_opulence,
          nicolae_qazlal_style_of_elements, temple_doors_cd, first_ration,
          minmay_misc_feat_encased, hangedman_decor_peaks_small, uniq_pikel,
          uniq_sigmund, uniq_menkaure
D:5:      layout_basic, led_sif_book, uniq_duvessa, uniq_ijyb
Temple:   minmay_freezing_vapour_temple

Skill      XL: |  1  2  3  4  5  6  7 |
---------------+----------------------+-----
Dodging        | 3 4 |  4.2
Short Blades   | 2 3 4 |  4.1
Fighting       | 1 2 |  2.3
Ice Magic      | 1 2 |  2.2
Stealth        | 4 5 |  5.3
Shields        | 1 |  1.9
Hexes          | 4 |  4.5
Spellcasting   | 3 |  3.0
Evocations     | |  0.7

Action                   |  1- 3 |  4- 6 |  7- 9 || total
-------------------------+-------+-------+-------++-------
Melee: Dagger            |    98 |    19 |     9 ||   126
       Short sword       |     2 |       |       ||     2
       Rapier            |       |    29 |    31 ||    60
 Cast: Corona            |     6 |     1 |     3 ||    10
       Ensorcelled Hiber |    23 |     6 |    11 ||    40
       Confuse           |       |     3 |       ||     3
       Tukima's Dance    |       |     1 |       ||     1
Invok: Curse Item        |       |     2 |       ||     2
  Use: Scroll            |     7 |     3 |     1 ||    11
       Potion            |       |     4 |     4 ||     8
 Stab: Sleeping          |    22 |     9 |     8 ||    39
  Eat: Chunk             |     7 |     3 |       ||    10
       Ration            |       |       |     1 ||     1
Armor: Robe              |    22 |     3 |     2 ||    27
       Skin              |       |     3 |    64 ||    67
Dodge: Dodged            |    77 |    25 |    20 ||   122
